 Dungeon Sprint DCSS version 0.30.1-4-g462c640d31 (webtiles) character file.

Game seed: 3062096700093216845

28149 Heoruswealwe the Axe Maniac (level 13, -8/123 HPs)
             Began as a Hill Orc Fighter on Aug 25, 2023.
             Was the Champion of the Shining One.
             Killed by an exploding ball lightning (40 damage)
             ... in the Dungeon (Sprint I: "Red Sonja").
             The game lasted 01:08:31 (4362 turns).

Heoruswealwe the Axe Maniac (Hill Orc Fighter)      Turns: 4362, Time: 01:08:33

Health: -8/123     AC: 24    Str: 26    XL:     13   Next: 37%
Magic:  20/27      EV:  9    Int:  6    God:    the Shining One [******]
Gold:   2202       SH:  0    Dex: 19    Spells: 12/12 levels left

rFire   . . .        a - +5 executioner's axe of Akhlekes {flame, rF+ Str-4 Dex+5 SInv}
rCold   . . .        (shield currently unavailable)
rNeg    + + +        c - +1 chain mail of Intuition {rPois Dex+4}
rPois   +            g - +2 helmet {SInv}
rElec   .            h - +0 cloak
rCorr   .            f - +0 pair of gloves
SInv    +            e - +0 pair of boots
Will    .....        G - amulet of the acrobat Stlth
                     E - ring of flight
HPRegen 0.40/turn    H - +6 ring of strength
MPRegen 0.20/turn

%: no teleportation, acrobat
@: flying, glowing
A: dopey 1, frail 1, screaming 1, heat vulnerability 1
a: Renounce Religion, Divine Shield, Cleansing Flame, Summon Divine Warrior,
Brand Weapon With Holy Wrath


You were in the Dungeon.
You worshipped the Shining One.
The Shining One was exalted by your worship.
You visited 1 branch You collected 6499 gold pieces.
You spent 4297 gold pieces at shops.

Inventory:

Hand Weapons
 a - the +5 executioner's axe of Akhlekes (weapon) {flame, rF+ Str-4 Dex+5 SInv}
   (You acquired it in the Dungeon)

   Str:       It affects your strength (-4).
   Dex:       It affects your dexterity (+5).
   rF:        It protects you from fire.
   SInv:      It lets you see invisible.
 b - a +2 arbalest of flaming
 r - a +2 war axe of freezing
 x - a +5 eudemon blade of holy wrath
Armour
 c - the +1 chain mail of Intuition (worn) {rPois Dex+4}
   (You bought it in a shop in the Dungeon)

   Dex:       It affects your dexterity (+4).
   rPois:     It protects you from poison.
 d - a +0 kite shield of protection
 e - a +0 pair of boots (worn)
 f - a +0 pair of gloves (worn)
 g - a +2 helmet of see invisible (worn)
 h - a +0 cloak (worn)
 y - a +0 tower shield
Jewellery
 i - an amulet of regeneration
 j - a ring of protection from cold
 k - the ring "Acoahamn" {Dex+3 SInv}
   (You found it in the Dungeon)

   [ring of see invisible]

   Dex:       It affects your dexterity (+3).
   SInv:      It lets you see invisible.
 t - the amulet "Jyttoj" {RegenMP rF- rN++ Regen+ Int+2}
   (You found it in the Dungeon)

   [amulet of magic regeneration]

   It increases your rate of magic regeneration.
   Int:       It affects your intelligence (+2).
   rF:        It makes you vulnerable to fire.
   rN:        It greatly protects you from negative energy.
   Regen:     It increases your rate of health regeneration.
 u - the ring of Sunlight {rF++ Will+ Int+6}
   (You found it in the Dungeon)

   [ring of intelligence]

   Int:       It affects your intelligence (+6).
   rF:        It greatly protects you from fire.
   Will:      It increases your willpower.
 E - a ring of flight (left hand)
 F - a ring of protection from fire
 G - an amulet of the acrobat (around neck)
 H - a +6 ring of strength (right hand)
Wands
 l - a wand of flame (26)
 v - a wand of polymorph (5)
 w - a wand of mindburst (15)
 A - a wand of digging (1)
Scrolls
 m - 3 scrolls of silence
 n - 3 scrolls of identify
 p - 2 scrolls of poison
 s - a scroll of enchant armour
 z - a scroll of fear
 B - 3 scrolls of blinking
Potions
 o - 7 potions of curing
 q - a potion of flight


   Skills:
 + Level 19.2 Fighting
 O Level 27 Axes
 + Level 17.7 Armour
 - Level 3.2 Shields
 + Level 20.4 Invocations


You had 12 spell levels left.
You didn't know any spells.
Your spell library contained the following spells:

 Spells                   Type           Power      Damage    Failure   Level
 Beastly Appendage        Tmut           0%         N/A       82%         1
 Freeze                   Ice            0%         1d3       82%         1
 Scorch                   Fire           0%         2d5       91%         2
 Wereblood                Tmut           0%         N/A       91%         2
 Hailstorm                Conj/Ice       0%         3d3       99%         3
 Ozocubu's Armour         Ice            0%         N/A       99%         3
 Spider Form              Tmut/Pois      0%         N/A       99%         3
 Volatile Blastmotes      Fire/Tloc      0%         2d10      99%         3
 Flame Wave               Conj/Fire      0%         2d4       100%        4
 Summon Lightning Spire   Summ/Air       0%         N/A       100%        4
 Fireball                 Conj/Fire      0%         3d3       100%        5
 Metabolic Englaciation   Hex/Ice        0%         N/A       100%        5
 Yara's Violent Unravell  Hex/Tmut       0%         3d3       100%        5
 Eringya's Noxious Bog    Tmut/Pois      0%         N/A       100%        6
 Fire Storm               Conj/Fire      0%         5d1       100%        9


Dungeon Overview and Level Annotations

Branches:
Dungeon (1/1)

Altars:
Cheibriados
Dithmenos
Elyvilon
Fedhas
Gozag
Hepliaklqana
Kikubaaqudgha
Makhleb
Nemelex Xobeh
Okawaru
Qazlal
Ru
Sif Muna
Trog
Uskayaw
Vehumet
Wu Jian
Xom
Yredelemnul
Zin
The Shining One
Jiyva
Lugonu

Shops:
D ::([*([[[[(*?([*[([[==

Annotations:
D Lom Lobon, Tiamat


Innate Abilities, Weirdness & Mutations

You are dopey. (Int -2)
You are frail. (-10% HP)
You occasionally shout uncontrollably at your foes.
You are vulnerable to heat. (rF-)


Message History

Item here: a twitching turquoise ring.
The floor.
This square is lit by a halo.
You are momentarily dazzled by a brilliant light.
Lom Lobon gestures.
Your angel hits the ball lightning with a +2 sacred scourge of holy wrath!!
The ball lightning explodes!
The blast of lightning engulfs your angel!
Your angel resists.
The blast of lightning engulfs you!!!
The blast of lightning engulfs Lom Lobon.
Lom Lobon completely resists.
You hear a shout!
You hear a clap of thunder!
The blast of lightning engulfs Lom Lobon.
Lom Lobon completely resists.
The blast of lightning engulfs your angel!
Your angel resists.
The blast of lightning engulfs you!!
Lom Lobon gestures.
You hear a clap of thunder!
The blast of lightning engulfs Lom Lobon.
Lom Lobon completely resists.
The blast of lightning engulfs your angel.
Your angel resists.
The blast of lightning engulfs you!!!
* * * LOW HITPOINT WARNING * * *
You feel much better.
You hear a clap of thunder!
The blast of lightning engulfs Lom Lobon.
Lom Lobon completely resists.
The blast of lightning engulfs your angel!
Your angel resists.
You hear a clap of thunder!
The blast of lightning engulfs Lom Lobon.
Lom Lobon completely resists.
The blast of lightning engulfs your angel!
Your angel resists.
The blast of lightning engulfs you!!!
You die...

(#####...####,#~~~~##..()).##○○.#
.......###,,^,#~~~~~########....#
...#####,^,,####~†~~#~~~~~#....○#
..##,,,^,,,,#..#'~~~+~~.~~+..°○○#
.##,,^,,^,,,#...##~~#~~~~~#~~~°.#
.#,,,,,,°^,,#....######'#####~~~#
##****,,°○○,#....#~~≈≈≈≈≈≈≈≈##~~#
≈≈≈≈.*,,°&.○#######~~~~≈≈≈≈≈≈≈≈~#
#####*,,°°○.'[:#@.'...~~~~~~~#≈≈#
.+,,,,,,,,,,#&A'..#........~~~#≈#
##**********#####################


You could see Lom Lobon (ally target) and a friendly angel (summoned).

Vanquished Creatures
  A golden dragon (D)
  A shadow dragon (D)
  A daeva (D)
  A fire giant (D)
  A deep elf annihilator (D)
  A lorocyproca (D)
  A mummy priest (D)
  2 centaur warriors (D)
  Sonja (D)
  A deep troll (D)
  A lindwurm (D)
  2 oklob plants (D)
  A shining eye (D)
  2 demonic crawlers (D)
  2 merfolk sirens (D)
  A gargoyle (D)
  2 kobold demonologists (D)
  7 unseen horrors (D)
  A meliai (D)
  A hellwing (D)
  5 hornets (D)
  A yak (D)
  Sigmund (D)
  A slime creature (D)
  13 hogs (D)
  2 redbacks (D)
  3 floating eyes (D)
  An ogre (D)
  7 necrophages (D)
  8 jellies (D)
  Ijyb (D)
74 creatures vanquished.

Vanquished Creatures (collateral kills)
  the Lernaean hydra (D)
  2 fire giants (D)
  A hydra (D)
  7 shining eyes (D)
  2 demonic crawlers (D)
  A gargoyle (D)
  4 floating eyes (D)
  A ball lightning (D)
19 creatures vanquished.

Vanquished Creatures (others)
  A fire giant (D)
  4 ball lightnings (D)
  2 ballistomycete spores (D)
7 creatures vanquished.

Grand Total: 100 creatures vanquished

Notes
Turn   | Place    | Note
-------+----------+-------------------------------------------
     0 | D        | Heoruswealwe the Hill Orc Fighter began the quest for the
                  | Orb.
     0 | D        | Reached XP level 1. HP: 19/19 MP: 1/1
     1 | D        | Noticed Ijyb
    15 | D        | Killed Ijyb
    16 | D        | Reached skill level 5 in Axes
    16 | D        | Reached XP level 2. HP: 20/28 MP: 2/4
    49 | D        | Noticed an ogre
    62 | D        | Killed an ogre
    63 | D        | Reached skill level 8 in Axes
    63 | D        | Reached skill level 5 in Armour
    63 | D        | Reached skill level 5 in Invocations
    63 | D        | Reached XP level 3. HP: 4/37 MP: 4/6
    63 | D        | Reached XP level 4. HP: 5/44 MP: 4/7
   206 | D        | Noticed Sigmund
   214 | D        | Killed Sigmund
   215 | D        | Reached skill level 10 in Axes
   215 | D        | Reached XP level 5. HP: 21/52 MP: 7/10
   215 | D        | Reached XP level 6. HP: 24/60 MP: 7/11
   334 | D        | Found an ornate altar of the Wu Jian Council.
   334 | D        | Found a shimmering blue altar of Sif Muna.
   336 | D        | Found a radiant altar of Vehumet.
   345 | D        | Identified the +0 robe of the Ladybird {Str+4 SInv}
   364 | D        | Found Zyise's Armour Emporium.
   364 | D        | Found an ancient bone altar of Kikubaaqudgha.
   364 | D        | Found a hazy altar of Hepliaklqana.
   364 | D        | Found a stormy altar of Qazlal.
   364 | D        | Found a hide-covered altar of Uskayaw.
   364 | D        | Found a blossoming altar of Fedhas.
   364 | D        | Found a bloodstained altar of Trog.
   364 | D        | Found an iron altar of Okawaru.
   364 | D        | Found a basalt altar of Yredelemnul.
   364 | D        | Found a glowing golden altar of the Shining One.
   364 | D        | Found a snail-covered altar of Cheibriados.
   364 | D        | Found a sacrificial altar of Ru.
   364 | D        | Found a glowing silver altar of Zin.
   364 | D        | Found a shadowy altar of Dithmenos.
   364 | D        | Found a white marble altar of Elyvilon.
   364 | D        | Noticed a yak
   372 | D        | Killed a yak
   373 | D        | Reached skill level 12 in Axes
   373 | D        | Reached XP level 7. HP: 54/69 MP: 11/13
   373 | D        | Found an opulent altar of Gozag.
   374 | D        | Found a sparkling altar of Nemelex Xobeh.
   380 | D        | Became a worshipper of the Shining One
   419 | D        | Found a burning altar of Makhleb.
   419 | D        | Found a viscous altar of Jiyva.
   419 | D        | Found a shimmering altar of Xom.
   419 | D        | Found a corrupted altar of Lugonu.
   419 | D        | Noticed a slime creature
   429 | D        | Killed a slime creature
   494 | D        | Noticed a kobold demonologist
   494 | D        | Reached * piety under the Shining One
   494 | D        | Noticed a kobold demonologist
   500 | D        | Reached skill level 13 in Axes
   500 | D        | Noticed an ice devil
   501 | D        | Killed a kobold demonologist
   501 | D        | Reached ** piety under the Shining One
   502 | D        | Reached skill level 10 in Fighting
   502 | D        | Reached skill level 14 in Axes
   502 | D        | Reached skill level 10 in Invocations
   502 | D        | Reached XP level 8. HP: 79/79 MP: 15/15
   503 | D        | Killed a kobold demonologist
   504 | D        | Reached skill level 15 in Axes
   516 | D        | Noticed a centaur warrior
   517 | D        | Noticed a centaur warrior
   527 | D        | Killed a centaur warrior
   528 | D        | Reached skill level 16 in Axes
   528 | D        | Reached skill level 10 in Armour
   528 | D        | Reached XP level 9. HP: 82/89 MP: 15/17
   534 | D        | Killed a centaur warrior
   535 | D        | Reached skill level 17 in Axes
   540 | D        | Noticed a deep troll
   545 | D        | Killed a deep troll
   598 | D        | Found Deucsint's Armour Emporium.
   605 | D        | Bought a +0 pair of boots for 58 gold pieces
   605 | D        | Bought a +0 cloak for 58 gold pieces
   675 | D        | Noticed a hornet
   675 | D        | Reached *** piety under the Shining One
   679 | D        | Killed a hornet
   680 | D        | Reached skill level 18 in Axes
   691 | D        | Noticed an oklob plant
   698 | D        | Killed an oklob plant
   699 | D        | Reached XP level 10. HP: 87/100 MP: 19/19
   959 | D        | Noticed an unseen horror
   959 | D        | Noticed an unseen horror
   969 | D        | Killed an unseen horror
   970 | D        | Reached skill level 19 in Axes
   974 | D        | Killed an unseen horror
  1053 | D        | Reached **** piety under the Shining One
  1185 | D        | Reached ***** piety under the Shining One
  1360 | D        | Reached ****** piety under the Shining One
  1389 | D        | Found Jitiuhiff's Armour Shoppe.
  1389 | D        | Found Niotifeyx's Armour Shop.
  1389 | D        | Found Veume's Armour Boutique.
  1395 | D        | Found Qegydgh's Weapon Boutique.
  1395 | D        | Found Gic Icutsag's Jewellery Emporium.
  1395 | D        | Found Nyokkouj's Armour Emporium.
  1402 | D        | Found Koesumeh's Antique Armour Boutique.
  1402 | D        | Found Pigiloatz's Assorted Antiques.
  1402 | D        | Found Porainakhe's Armour Shop.
  1402 | D        | Found Sumpug's Weapon Emporium.
  1402 | D        | Found Qetufugg's Magic Scroll Boutique.
  1402 | D        | Found Zatitaq's Assorted Antiques.
  1402 | D        | Found Wewkeq's Weapon Shop.
  1406 | D        | Found Kasiud's Antique Armour Emporium.
  1407 | D        | Bought a runed helmet for 180 gold pieces
  1413 | D        | Bought 2 scrolls labelled EHUM HURAAQAXT for 48 gold pieces
  1413 | D        | Bought a yellow potion for 21 gold pieces
  1413 | D        | Bought a scroll labelled LABATA TEKK for 24 gold pieces
  1413 | D        | Bought a potion of curing for 72 gold pieces
  1413 | D        | Bought a scroll labelled EHUM HURAAQAXT for 24 gold pieces
  1416 | D        | Bought a scroll of identify for 24 gold pieces
  1416 | D        | Bought a scroll of identify for 24 gold pieces
  1416 | D        | Bought a scroll of identify for 24 gold pieces
  1417 | D        | Bought a metallic emerald potion for 23 gold pieces
  1417 | D        | Bought a scroll of identify for 52 gold pieces
  1417 | D        | Bought a scroll labelled UMOAHU JOPOC for 26 gold pieces
  1417 | D        | Bought 3 scrolls labelled DAGIH DASK for 78 gold pieces
  1417 | D        | Bought a scroll labelled UMOAHU JOPOC for 26 gold pieces
  1419 | D        | Bought a glowing kite shield for 127 gold pieces
  1421 | D        | Bought a +0 pair of gloves for 63 gold pieces
  1429 | D        | Bought a faintly glowing chain mail for 161 gold pieces
  1429 | D        | Identified the +1 chain mail of Intuition {rPois Dex+4}
                  | (You bought it in a shop in the Dungeon)
  1483 | D        | Bought a scroll of magic mapping for 90 gold pieces
  1504 | D        | Noticed Sonja
  1512 | D        | Killed Sonja
  1513 | D        | Reached skill level 20 in Axes
  1708 | D        | Found Cafuat's Book Boutique.
  1727 | D        | Noticed a shining eye
  1727 | D        | Noticed a shining eye
  1727 | D        | Noticed a shining eye
  1727 | D        | Gained mutation: You are frail. (-10% HP) [a shining eye]
  1732 | D        | Paralysed by a floating eye for 4 turns
  1739 | D        | Killed a shining eye
  1741 | D        | Gained mutation: You are dopey. (Int -2) [a shining eye]
  1750 | D        | Killed a shining eye
  1751 | D        | Reached skill level 15 in Invocations
  1751 | D        | Reached XP level 11. HP: 99/99 MP: 9/22
  1754 | D        | Killed a shining eye
  1755 | D        | Reached skill level 21 in Axes
  1763 | D        | Noticed a shining eye
  1763 | D        | Noticed a shining eye
  1763 | D        | Noticed a shining eye
  1763 | D        | Gained mutation: You are vulnerable to heat. (rF-) [a
                  | shining eye]
  1768 | D        | Killed a shining eye
  1770 | D        | Killed a shining eye
  1772 | D        | Killed a shining eye
  1775 | D        | Noticed a shining eye
  1775 | D        | Noticed a shining eye
  1776 | D        | Gained mutation: You occasionally shout uncontrollably at
                  | your foes. [a shining eye]
  1790 | D        | Killed a shining eye
  1791 | D        | Reached skill level 15 in Fighting
  1793 | D        | Killed a shining eye
  1801 | D        | Reached skill level 22 in Axes
  1908 | D        | Found Lajuirghi's Book Shoppe.
  1908 | D        | Found Pavet's General Store.
  1908 | D        | Found Waotamn's Weapon Emporium.
  1908 | D        | Found Vutwecriog's Antique Weapon Boutique.
  1923 | D        | Bought a scroll of identify for 24 gold pieces
  1923 | D        | Bought a scroll of enchant weapon for 90 gold pieces
  1995 | D        | Noticed a lorocyproca
  2010 | D        | Killed a lorocyproca
  2146 | D        | Reached skill level 23 in Axes
  2330 | D        | Noticed a lindwurm
  2340 | D        | Killed a lindwurm
  2505 | D        | Reached skill level 15 in Armour
  2508 | D        | Reached XP level 12. HP: 88/109 MP: 24/24
  2663 | D        | Bought a smoking robe for 136 gold pieces
  2663 | D        | Identified the +1 robe of Sera {Str+2} (You bought it in a
                  | shop in the Dungeon)
  2667 | D        | Bought a scroll of acquirement for 624 gold pieces
  2667 | D        | Bought a scroll of enchant weapon for 90 gold pieces
  2668 | D        | Bought a faintly glowing falchion for 208 gold pieces
  2668 | D        | Identified the +9 falchion "Murmur" {venom, rElec} (You
                  | bought it in a shop in the Dungeon)
  2668 | D        | Bought a scroll of blinking for 195 gold pieces
  2668 | D        | Bought a brass wand for 104 gold pieces
  2668 | D        | Bought a crooked brass wand for 104 gold pieces
  2677 | D        | Acquired the +5 executioner's axe of Akhlekes {flame, rF+
                  | Str-4 Dex+5 SInv}
  2802 | D        | Noticed a daeva
  2815 | D        | Reached skill level 24 in Axes
  3016 | D        | Killed a daeva
  3036 | D        | Identified the ring "Acoahamn" {Dex+3 SInv}
  3244 | D        | Noticed a fire giant
  3256 | D        | Killed a fire giant
  3261 | D        | Noticed a fire giant
  3273 | D        | Killed a fire giant
  3274 | D        | Reached skill level 25 in Axes
  3302 | D        | Noticed a fire giant
  3309 | D        | Killed a fire giant
  3310 | D        | Noticed a fire giant
  3315 | D        | Killed a fire giant
  3362 | D        | Found the +4 dragonskin cloak
  3362 | D        | Noticed Tiamat
  3489 | D        | Noticed a 12-headed hydra
  3492 | D        | Killed a 12-headed hydra
  3492 | D        | Paralysed by a floating eye for 4 turns
  3690 | D        | Noticed a shadow dragon
  3690 | D        | Noticed a golden dragon
  3699 | D        | Killed a shadow dragon
  3701 | D        | Killed a golden dragon
  3702 | D        | Reached skill level 26 in Axes
  3702 | D        | Reached XP level 13. HP: 120/120 MP: 18/26
  3767 | D        | Found Joxaring's Jewellery Shoppe.
  3787 | D        | Bought a ring of flight for 245 gold pieces
  3787 | D        | Bought a ring of protection from fire for 350 gold pieces
  3787 | D        | Bought an amulet of the acrobat for 420 gold pieces
  3874 | D        | Bought a +6 ring of strength for 504 gold pieces
  3976 | D        | Noticed a deep elf annihilator
  3998 | D        | Paralysed by a hornet for 3 turns
  4003 | D        | Killed a deep elf annihilator
  4049 | D        | Noticed a mummy priest
  4053 | D        | Killed a mummy priest
  4076 | D        | Reached skill level 27 in Axes
  4085 | D        | Noticed the 27-headed Lernaean hydra
  4091 | D        | Killed the 24-headed Lernaean hydra
  4132 | D        | Found the +11 Singing Sword {sonic wave}
  4141 | D        | Got Niosatri's Precepts of Glaciation and Gusts
  4143 | D        | Got Asmodeus's Papyrus of the Volcano
  4292 | D        | Identified the amulet "Jyttoj" {RegenMP rF- rN++ Regen+
                  | Int+2}
  4294 | D        | Identified the ring of Sunlight {rF++ Will+ Int+6}
  4297 | D        | Got the Guide on Transmogrification and Oxidation
  4298 | D        | Identified the staff of death "Meshaa" {Fly rN+ Int+2}
  4355 | D        | Noticed Lom Lobon
  4361 | D        | HP: 4/123 [spore (47)]
  4362 | D        | Killed by an exploding ball lightning

Illustrated notes

Levels and vault maps discovered:
D:        dungeon_sprint_1 [red_sonja_temple_1, red_sonja_temple_small_1]

Skill      XL: |  1  2  3  4  5  6  7  8  9 10 11 12 13 |
---------------+----------------------------------------+-----
Fighting       | 4 6 7 8 10 11 12 14 16 18 19 | 19.2
Axes           | 5 8 10 12 14 16 18 20 23 26 27 | 27.0
Armour         | 4 5 6 7 9 10 11 13 15 16 17 | 17.7
Invocations    | 2 5 7 8 10 11 13 15 17 19 20 | 20.4
Shields        | |  3.2

Action                     |  1- 3 |  4- 6 |  7- 9 | 10-12 | 13-15 || total
---------------------------+-------+-------+-------+-------+-------++-------
  Melee: War axe           |    25 |    17 |    40 |   140 |       ||   222
         Executioner's axe |       |       |       |    33 |    24 ||    57
 Invoke: Summon Divine War |       |       |       |     8 |     2 ||    10
  Evoke: Wand              |     1 |       |       |     3 |       ||     4
    Use: Potion            |       |       |     2 |     3 |     2 ||     7
         Scroll            |       |       |       |    10 |     5 ||    15
 Armour: Scale mail        |     3 |     1 |    12 |    18 |       ||    34
         Chain mail        |       |       |       |   134 |    59 ||   193
  Dodge: Dodged            |    10 |     6 |     6 |    49 |    17 ||    88
  Block: Buckler           |     3 |     1 |     4 |    13 |       ||    21
         Kite shield       |       |       |       |    23 |       ||    23
